 Dungeon Crawl Stone Soup version 0.30.0-16-gbe6223bb7e (webtiles) character file.

Game seed: 7433722452562421215

590 Twinkles the Cudgeller (level 7, -4/61 HPs)
             Began as a Meteoran Chaos Knight on May 20, 2023.
             Was a Plaything of Xom.
             Slain by Duvessa
             ... wielding a +0 short sword of freezing
              (6 damage)
             ... on level 4 of the Dungeon.
             The game lasted 00:13:01 (1599 turns).

Twinkles the Cudgeller (Meteoran Chaos Knight)      Turns: 1599, Time: 00:13:01

Health: -4/61      AC:  6    Str: 16    XL:     7   Next: 98%
Magic:  8/8        EV: 13    Int: 13    God:    Xom [..*...]
Gold:   190        SH:  0    Dex: 14    Spells: 6/6 levels left

rFire   + . .        g - +1 whip (venom)
rCold   . . .        (no shield)
rNeg    . . .        b - +2 leather armour
rPois   .            o - +1 hat
rElec   .            (no cloak)
rCorr   .            (no gloves)
SInv    .            (no boots)
Will    .....        (no amulet)
Stlth   +            y - ring of protection from fire
HPRegen 0.30/turn    (no ring)
MPRegen 0.11/turn

%: no passive effects
@: flying, glowing
A: sense surroundings 1, otherworldly, glowing, explore regen
a: Renounce Religion


You were on level 4 of the Dungeon.
You worshipped Xom.
You were a toy of Xom.
You visited 1 branch of the dungeon, and saw 5 of its levels.

You collected 190 gold pieces.

Inventory:

Hand Weapons
 a - a +0 mace of chaos
 g - a +1 whip of venom (weapon)
 n - a +0 sling
 r - a +0 flail
 t - a +1 mace of holy wrath
Missiles
 d - 8 poisoned darts
 s - 2 boomerangs (quivered)
Armour
 b - a +2 leather armour (worn)
 o - a +1 hat (worn)
 w - the +2 robe of the Guilds {rC+++ Int+4 Dex+5}
   (You found it on level 3 of the Dungeon)

   Int:       It affects your intelligence (+4).
   Dex:       It affects your dexterity (+5).
   rC:        It renders you almost immune to cold.
Jewellery
 y - a ring of protection from fire (left hand)
Scrolls
 j - a scroll of blinking {unknown}
 k - a scroll of immolation {unknown}
 l - 2 scrolls of noise {unknown}
 m - 2 scrolls of teleportation {unknown}
 q - a scroll of amnesia {unknown}
 u - a scroll of fog {unknown}
 v - a scroll of poison {unknown}
 x - a scroll of vulnerability {unknown}
 z - a scroll of enchant weapon {unknown}
 A - a scroll of torment {unknown}
 Z - 4 scrolls of identify
Potions
 f - 3 potions of degeneration
 i - a potion of attraction {unknown}
 p - a potion of mutation {unknown}
 P - a potion of lignification
Miscellaneous
 c - a piece from Xom's chessboard (15/15)


   Skills:
 + Level 5.0 Fighting
 * Level 7.5 Maces & Flails
 + Level 4.7 Armour
 + Level 4.1 Dodging


You had 6 spell levels left.
You didn't know any spells.
Your spell library contained the following spells:

 Spells                   Type           Power      Damage    Failure   Level
 Magic Dart               Conj           0%         1d3       36%         1
 Summon Small Mammal      Summ           0%         N/A       36%         1
 Call Imp                 Summ           0%         N/A       50%         2
 Call Canine Familiar     Summ           0%         N/A       73%         3
 Mephitic Cloud           Conj/Pois/Air  0%         N/A       73%         3
 Summon Guardian Golem    Hex/Summ       0%         N/A       73%         3


Dungeon Overview and Level Annotations

Branches:
Dungeon (5/15) Zot: 1446   Temple (0/1) D:5

Altars:
Elyvilon
Xom

Annotations:
D:4 Dowan, Duvessa


Innate Abilities, Weirdness & Mutations

You passively map a small area around you.
You are easily found by Zot.
You glow in the dark.
You regain HP and MP as you explore.


Message History

You hit the adder.
The adder looks as sick as possible!
The adder is almost dead.
The adder bites you but does no damage.
You hit the adder.
You kill the adder!
The kobold hits you with a +0 short sword.
* * * LOW HITPOINT WARNING * * *
Your Fighting skill increases to level 5!
You hit the kobold.
You kill the kobold!
You barely miss Duvessa. Dowan gestures at you while chanting.
The puff of flame hits you. You resist.
* * * LOW HITPOINT WARNING * * *
You hit Duvessa.
Duvessa is lightly wounded.
Duvessa hits you with a +0 short sword of freezing.
* * * LOW HITPOINT WARNING * * *
Duvessa freezes you.
* * * LOW HITPOINT WARNING * * *
You hit Duvessa.
Duvessa is poisoned.
Your punch misses Duvessa.
Duvessa is lightly wounded.
Duvessa hits you but does no damage.
You hit Duvessa but do no damage.
Duvessa looks as sick as possible!
Duvessa is lightly wounded.
Duvessa hits you with a +0 short sword of freezing!
* * * LOW HITPOINT WARNING * * *
Duvessa freezes you.
* * * LOW HITPOINT WARNING * * *
Dowan misses you.
You hit Duvessa.
Duvessa is moderately wounded.
Duvessa hits you but does no damage.
It was a potion of flight.
You feel very buoyant.
You fly up into the air.
Xom thinks this is hilarious!
Duvessa hits you with a +0 short sword of freezing.
You die...
Xom is highly amused!

...(.######'####...#
.....# #.........#
.....#, #.........#
.....# , +.........#
S....# #......K..#
.....+ ,,#.....eO..#
.....# ####.####'#
####.. ,####eeO# ...
,#...@).# ....
,#......# #......# ,
,#......# * ,
#......# , ,
#......# * , ,
#.....!# , ########
* *


You could see Duvessa (fast, extremely poisoned), an ogre and Dowan.

Vanquished Creatures
  4 kobold brigands
  Blork the orc (D:4)
  A scorpion (D:4)
  5 adders
  2 gnolls (D:2)
  A river rat (D:2)
  3 worms (D:2)
  3 dart slugs
  9 orcs
  7 bats
  9 endoplasms
  5 giant cockroaches
  6 goblins
  4 hobgoblins
  5 jackals (D:1)
  5 quokkas
  13 ball pythons
  2 frilled lizards
  6 kobolds
  5 rats
96 creatures vanquished.

Notes
Turn   | Place    | Note
-------+----------+-------------------------------------------
     0 | D:1      | Twinkles the Meteoran Chaos Knight began the quest for the
                  | Orb.
     0 | D:1      | Reached XP level 1. HP: 19/19 MP: 2/2
    35 | D:1      | XOM: silly message
    47 | D:2      | Found a shimmering altar of Xom.
    59 | D:2      | HP: 6/19 [river rat (3)]
    60 | D:2      | HP: 1/19 [river rat (5)]
    62 | D:2      | Reached XP level 2. HP: 2/26 MP: 3/3
   138 | D:1      | Reached XP level 3. HP: 31/31 MP: 4/4
   262 | D:1      | Reached XP level 4. HP: 37/40 MP: 5/5
   339 | D:2      | XOM: divination: detect creatures
   345 | D:2      | Reached skill level 5 in Maces & Flails
   442 | D:2      | XOM: divination: detect items
   467 | D:2      | XOM: silly message
   470 | D:2      | Reached XP level 5. HP: 30/46 MP: 6/6
   476 | D:2      | HP: 16/46 [gnoll/+0 spear (5)]
   484 | D:2      | HP: 11/46 [gnoll/+0 spear (2)]
   747 | D:2      | XOM: divination: detect items
   797 | D:4      | XOM: silly message
   820 | D:4      | Reached XP level 6. HP: 52/52 MP: 7/7
   828 | D:4      | Noticed Blork the orc
   848 | D:4      | Killed Blork the orc
   849 | D:4      | Reached skill level 6 in Maces & Flails
   924 | D:3      | XOM: summons 1 hostile demon
   938 | D:3      | Found a white marble altar of Elyvilon.
   949 | D:3      | XOM: noise
  1101 | D:5      | XOM: noise
  1101 | D:5      | Entered Level 5 of the Dungeon
  1104 | D:5      | Noticed a black bear
  1148 | D:3      | Found a faded altar of an unknown god.
  1298 | D:3      | Identified the +2 robe of the Guilds {rC+++ Int+4 Dex+5}
  1359 | D:4      | XOM: 2-stop teleportation journey
  1384 | D:5      | XOM: divination: detect creatures
  1396 | D:4      | Reached XP level 7. HP: 60/60 MP: 8/8
  1406 | D:4      | Reached skill level 7 in Maces & Flails
  1410 | D:4      | XOM: cloud trail
  1452 | D:5      | Found a staircase to the Ecumenical Temple.
  1490 | D:5      | XOM: noise
  1499 | D:5      | HP: 19/60 [poisoned by a kobold brigand]
  1504 | D:5      | HP: 15/90 [poisoned by a kobold brigand]
  1509 | D:5      | HP: 21/90 [poisoned by a kobold brigand]
  1514 | D:5      | HP: 18/90 [poisoned by a kobold brigand]
  1549 | D:5      | XOM: divination: magic mapping
  1551 | D:4      | Noticed Duvessa
  1561 | D:4      | Noticed Dowan
  1576 | D:4      | HP: 10/60 [ogre/+0 giant club (32)]
  1583 | D:4      | HP: 10/60 [kobold/+0 short sword (1)]
  1590 | D:4      | HP: 15/60 [kobold/+0 short sword (2)]
  1593 | D:4      | Reached skill level 5 in Fighting
  1595 | D:4      | HP: 12/61 [Duvessa/+0 short sword of freezing (2)]
  1597 | D:4      | HP: 3/61 [Duvessa/+0 short sword of freezing (8)]
  1597 | D:4      | HP: 1/61 [Duvessa/+0 short sword of freezing (2)]
  1599 | D:4      | Slain by Duvessa

Illustrated notes

Levels and vault maps discovered:
D:1:      wander_arrival_fairy_ring, layout_basic
D:2:      layout_rooms, basic_altar, minmay_diced_spiral
D:3:      cheibrodos_old_hovel, layout_rooms, mainiacjoe_overflow_chevrons,
          dreamdust_ecumenical_altar_hidden_monk_grotto, minmay_misc_feat_x,
          uniq_crazy_yiuf_cottage
D:4:      layout_gridville, dk_noncrumbling_3, uniq_blork_the_orc, uniq_duvessa
D:5:      cheibrodos_fertilizer, layout_rooms,
          minmay_temple_entry_drinking_statues, kennysheep_generic_room_10

Skill      XL: |  1  2  3  4  5  6  7 |
---------------+----------------------+-----
Armour         | 3 4 |  4.7
Dodging        | 2 3 4 |  4.1
Maces & Flails | 5 6 7 |  7.5
Fighting       | 4 5 |  5.0

Action                     |  1- 3 |  4- 6 |  7- 9 || total
---------------------------+-------+-------+-------++-------
  Melee: Mace              |    46 |       |       ||    46
         Whip              |    24 |   207 |    57 ||   288
         Punch             |     1 |     4 |       ||     5
  Throw: Boomerang         |       |       |     3 ||     3
    Use: Scroll            |       |     1 |       ||     1
         Potion            |       |       |     4 ||     4
 Armour: Leather armour    |    28 |    62 |    16 ||   106
         Skin              |       |       |    12 ||    12
  Dodge: Dodged            |    51 |    80 |    21 ||   152
